 Dungeon Crawl Stone Soup version 0.29.1-1-gd02db6906a (webtiles) character file.

Game seed: 16660618095520108800

6092 hawla the Arsonist (level 11, -9/81 HPs)
             Began as a Meteoran Fire Elementalist on Oct 10, 2022.
             Was a Believer of Vehumet.
             Mangled by a sun demon (14 damage)
             ... summoned by an orc sorcerer
             ... led by an orc knight
             ... on level 1 of the Orcish Mines.
             The game lasted 00:27:26 (5191 turns).

hawla the Arsonist (Meteoran Fire Elementalist)     Turns: 5191, Time: 00:27:27

Health: -9/81      AC: 15    Str:  9    XL:     11   Next: 33%
Magic:  4/27       EV: 15    Int: 23    God:    Vehumet [**....]
Gold:   1477       SH:  0    Dex: 20    Spells: 18/32 levels left

rFire   . . .      SeeInvis .   t - +7 dire flail (protect)
rCold   . . .      Faith    .   (shield currently unavailable)
rNeg    . . .      Spirit   .   u - +0 steam dragon scales
rPois   +          Reflect  .   B - +0 helmet
rElec   .          Harm     .   l - +1 cloak
rCorr   .          Rampage  .   (no gloves)
Will    +....                   (no boots)
Stlth   +.........              k - amulet of regeneration
HPRegen 1.03/turn               h - ring of poison resistance
MPRegen 0.20/turn               s - +6 ring of dexterity

@: mighty, under a protective aura, glowing
A: sense surroundings 2, otherworldly, glowing, explore regen
a: Renounce Religion


You were on level 1 of the Orcish Mines.
You worshipped Vehumet.
Vehumet was pleased with you.
You visited 3 branches of the dungeon, and saw 11 of its levels.
You also visited: Bailey.

You collected 1477 gold pieces.

Inventory:

Hand Weapons
 t - a +7 dire flail of protection (weapon)
Missiles
 b - 11 curare-tipped darts
 i - 4 atropa-tipped darts
 j - 22 poisoned darts (quivered)
 r - 10 datura-tipped darts
Armour
 l - a +1 cloak (worn)
 u - +0 steam dragon scales (worn)
 B - a +0 helmet (worn)
Magical Staves
 d - a staff of conjuration
 A - a staff of death
Jewellery
 h - a ring of poison resistance (left hand)
 k - an amulet of regeneration (around neck)
 p - a ring of positive energy
 s - a +6 ring of dexterity (right hand)
 D - a ring of protection from cold
 F - a ring of see invisible
Wands
 n - a wand of digging (5)
 q - a wand of acid (8)
 y - a wand of iceblast (7)
 C - a wand of flame (14)
Scrolls
 c - a scroll of amnesia
 w - a scroll of enchant weapon
 E - a scroll of identify
Potions
 e - a potion of might
 f - a potion of haste
 g - 2 potions of attraction
 m - a potion of resistance
 o - 3 potions of curing
 x - a potion of flight
 z - a potion of cancellation
Miscellaneous
 v - a box of beasts


   Skills:
 + Level 2.9 Fighting
 + Level 3.5 Maces & Flails
 + Level 0.1(1.9) Staves
 + Level 0.1 Throwing
 + Level 5.3 Dodging
 - Level 1.4 Stealth
 + Level 11.4 Spellcasting
 + Level 7.1 Conjurations
 + Level 1.6 Necromancy
 + Level 12.2 Fire Magic
 + Level 1.5 Evocations


You had 18 spell levels left.
You knew the following spells:

 Your Spells              Type           Power      Damage    Failure   Level
a - Foxfire               Conj/Fire      100%       2x1d9     1%          1
b - Scorch                Fire           100%       2d10      1%          2
c - Flame Wave            Conj/Fire      55%        2d13      1%          4
d - Vampiric Draining     Necr           20%        2d7       8%          3
e - Sticky Flame          Conj/Fire      55%        2d7       1%          4

Your spell library contained the following spells:

 Spells                   Type           Power      Damage    Failure   Level
 Freeze                   Ice            52%        1d7       4%          1
 Conjure Flame            Conj/Fire      55%        6-21      1%          3
 Inner Flame              Hex/Fire       41%        N/A       1%          3
 Necrotise                Necr           80%        1d8       2%          1
 Ignite Poison            Fire/Tmut/Pois 31%        N/A       2%          3
 Call Canine Familiar     Summ           13%        N/A       14%         3
 Portal Projectile        Hex/Tloc       26%        N/A       14%         3
 Leda's Liquefaction      Hex/Erth       6%         N/A       43%         4
 Agony                    Necr           20%        N/A       56%         5
 Summon Cactus Giant      Summ           6%         N/A       100%        6


Dungeon Overview and Level Annotations

Branches:
Dungeon (9/15) Zot: 666    Temple (1/1) D:7 Zot: 584     Orc (1/2) D:9 Zot: 416
 Bailey (visited)
   Lair: D:8-11

Altars:
Ashenzari
Cheibriados
Dithmenos
Elyvilon
Gozag
Hepliaklqana
Kikubaaqudgha
Makhleb
Nemelex Xobeh
Okawaru
Qazlal
Ru
Sif Muna
Trog
Uskayaw
Vehumet
Wu Jian
Xom
Yredelemnul
Zin
The Shining One

Shops:
D:6 =


Innate Abilities, Weirdness & Mutations

You passively map the area around you.
You are easily found by Zot.
You glow in the dark.
You regain HP and MP as you explore.


Message History

The ice devil is almost dead.
The ice devil closely misses you.
You sock the ice devil!
Your weapon exudes an aura of protection.
You kill the ice devil!
The ice devil disappears in a puff of smoke!
You closely miss the soul eater.
The soul eater is lightly wounded.
The soul eater is no longer more vulnerable to fire.
The orc sorcerer gestures wildly while chanting.
The soul eater draws from the surrounding life force!
The soul eater is healed.
You closely miss the soul eater. The soul eater barely misses you.
You hit the soul eater but do no damage.
Your weapon exudes an aura of protection.
The soul eater barely misses you.
You hit the soul eater.
The soul eater is lightly wounded.
The soul eater barely misses you.
You hit the soul eater.
The soul eater is lightly wounded.
The soul eater draws from the surrounding life force!
The soul eater completely misses you.
You closely miss the soul eater.
The soul eater disappears in a puff of smoke!
The sun demon hits you.
You are engulfed in flames!
You hit the sun demon.
The sun demon is lightly wounded.
The sun demon barely misses you.
You miss the sun demon.
The sun demon is lightly wounded.
The sun demon closely misses you.
You bludgeon the sun demon!!
The sun demon is moderately wounded.
The sun demon hits you!
You are engulfed in flames!
* * * LOW HITPOINT WARNING * * *
The sun demon hits you!
* * * LOW HITPOINT WARNING * * *
You are engulfed in flames!
You die...

*#...... , ,,, ....... ,,
##...#$.. , , #........* ##
#)....... , , .##
##o....... , ..#
#oo4o......, ..##
##3##.#.... , ...#
#@).##..... , , #.## ###
##.##.#.$.. * , .####
####.######..)..T. ,,
.##.## ##.....#.##o#).o...
, ,
.....###.....#....o)).o.o.
,
.##.#.##....##..#o........
, ,
.#####..#.................,
* ## #................##.$,
*, , ##
##..#................ ,


You could see a sun demon (summoned), an ice devil (summoned), 2 orc warriors
and an orc.

Vanquished Creatures
  A centaur warrior (D:8)
  Pikel (D:8)
  A cyclops (Orc:1)
  A troll (Orc:1)
  A hornet (D:7)
  A wraith (D:7)
  A wyvern (D:7)
  4 steam dragons
  2 water moccasins
  Duvessa (D:7)
  Pargi (D:3)
  4 orc warriors
  4 sky beasts
  An ice beast (D:4)
  2 centaurs (D:8)
  3 ogres
  2 lemures (D:8)
  2 phantoms
  6 kobold brigands (Bailey)
  4 bullfrogs
  A scorpion (D:2)
  A wight (D:7)
  Dowan (D:7)
  A killer bee (D:7)
  2 hounds (D:5)
  5 orc priests
  7 iguanas
  5 orc wizards
  9 gnolls
  10 adders
  A shadow imp (D:6)
  A white imp (D:6)
  A worm (D:4)
  5 dart slugs
  25 orcs
  5 ball pythons
  3 endoplasms
  2 giant cockroaches (D:4)
  8 goblins
  3 hobgoblins
  A quokka (D:4)
  3 bats (D:1)
  A frilled lizard (D:3)
  12 kobolds
  5 rats
  A spectral kobold (D:1)
162 creatures vanquished.

Vanquished Creatures (others)
  230 foxfires
230 creatures vanquished.

Grand Total: 392 creatures vanquished

Notes
Turn   | Place    | Note
-------+----------+-------------------------------------------
     0 | D:1      | hawla the Meteoran Fire Elementalist began the quest for
                  | the Orb.
     0 | D:1      | Reached XP level 1. HP: 14/14 MP: 5/5
    15 | D:1      | Found a faded altar of an unknown god.
   166 | D:1      | Reached XP level 2. HP: 16/20 MP: 3/6
   185 | D:1      | Reached skill level 4 in Fire Magic
   188 | D:1      | Learned a level 2 spell: Scorch
   494 | D:1      | Glimpsed the power of Zot.
   577 | D:2      | Noticed a scorpion
   581 | D:2      | Killed a scorpion
   582 | D:2      | Reached skill level 1 in Evocations
   582 | D:2      | Reached XP level 3. HP: 26/26 MP: 2/8
   582 | D:2      | Reached XP level 4. HP: 33/33 MP: 2/9
   744 | D:2      | Reached XP level 5. HP: 38/38 MP: 5/11
   749 | D:2      | Learned a level 4 spell: Flame Wave
  1290 | D:3      | Reached skill level 5 in Fire Magic
  1665 | D:3      | Noticed Pargi
  1673 | D:3      | Killed Pargi
  1674 | D:3      | Reached skill level 6 in Fire Magic
  1674 | D:3      | Reached XP level 6. HP: 35/45 MP: 4/12
  1695 | D:3      | Glimpsed the power of Zot.
  1870 | D:4      | Noticed an ice beast
  1874 | D:4      | Killed an ice beast
  1875 | D:4      | Reached XP level 7. HP: 50/50 MP: 4/13
  2098 | D:4      | Reached skill level 7 in Fire Magic
  2118 | D:4      | Found an ornate altar of the Wu Jian Council.
  2295 | D:4      | Glimpsed the power of Zot.
  2307 | D:5      | Entered Level 5 of the Dungeon
  2439 | D:5      | Found a shadowy altar of Dithmenos.
  2440 | D:5      | Found a stormy altar of Qazlal.
  2440 | D:5      | Found an opulent altar of Gozag.
  2440 | D:5      | Found a sparkling altar of Nemelex Xobeh.
  2440 | D:5      | Found an ancient bone altar of Kikubaaqudgha.
  2442 | D:5      | Found a shimmering altar of Xom.
  2488 | D:5      | Reached XP level 8. HP: 58/58 MP: 10/15
  2504 | D:5      | Found an iron altar of Okawaru.
  2648 | D:5      | Reached skill level 8 in Fire Magic
  2662 | D:5      | Reached skill level 5 in Spellcasting
  2896 | D:5      | Glimpsed the power of Zot.
  2916 | D:6      | Reached skill level 5 in Conjurations
  2920 | D:6      | Noticed a steam dragon
  2940 | D:6      | Reached skill level 9 in Fire Magic
  2940 | D:6      | Gained mutation: You passively map the area around you.
                  | [Meteoran growth]
  2940 | D:6      | Reached XP level 9. HP: 63/63 MP: 4/20
  3119 | D:6      | Found Iseoqe's Jewellery Shoppe.
  3127 | D:6      | Found a sacrificial altar of Ru.
  3161 | D:6      | Identified the +3 leather armour of Failure {Dex+2}
  3387 | D:7      | Found a burning altar of Makhleb.
  3393 | D:7      | Reached skill level 1 in Necromancy
  3477 | D:7      | Reached skill level 10 in Fire Magic
  3520 | D:7      | Reached skill level 1 in Fighting
  3520 | D:7      | Noticed a hornet
  3525 | D:7      | Found a staircase to the Ecumenical Temple.
  3528 | Temple   | Entered the Ecumenical Temple
  3535 | Temple   | Became a worshipper of Vehumet
  3565 | D:7      | Reached XP level 10. HP: 71/71 MP: 17/23
  3884 | D:7      | Reached skill level 11 in Fire Magic
  3884 | D:7      | Found a hide-covered altar of Uskayaw.
  3919 | D:7      | Noticed Dowan
  3920 | D:7      | Noticed Duvessa
  3926 | D:7      | Killed Dowan
  3932 | D:7      | Killed Duvessa
  4022 | D:7      | Reached skill level 10 in Spellcasting
  4108 | D:7      | Glimpsed the power of Zot.
  4117 | D:8      | Identified a scroll of acquirement
  4117 | D:8      | Acquired a +7 dire flail of protection
  4203 | D:8      | Noticed Pikel
  4218 | D:8      | Killed Pikel
  4226 | D:8      | Found a broken altar of Ashenzari.
  4341 | D:8      | Found a flagged portal.
  4346 | D:8      | Reached * piety under Vehumet
  4346 | D:8      | Offered knowledge of Freeze by Vehumet.
  4362 | Bailey   | Entered a bailey
  4435 | Bailey   | Found a bloodstained altar of Trog.
  4439 | Bailey   | Reached skill level 1 in Maces & Flails
  4678 | D:8      | Noticed a centaur warrior
  4689 | D:8      | Killed a centaur warrior
  4690 | D:8      | Reached skill level 12 in Fire Magic
  4690 | D:8      | Reached XP level 11. HP: 16/80 MP: 25/27
  4873 | D:8      | Found a snail-covered altar of Cheibriados.
  4978 | D:8      | Glimpsed the power of Zot.
  4995 | D:9      | Found a staircase to the Orcish Mines.
  5004 | D:9      | Learned a level 3 spell: Vampiric Draining
  5009 | D:9      | Learned a level 4 spell: Sticky Flame
  5010 | Orc:1    | Entered Level 1 of the Orcish Mines
  5140 | Orc:1    | Noticed an orc knight
  5146 | Orc:1    | Noticed an orc sorcerer
  5150 | Orc:1    | Noticed a cyclops
  5166 | Orc:1    | Killed a cyclops
  5166 | Orc:1    | Reached ** piety under Vehumet
  5167 | Orc:1    | Reached skill level 5 in Dodging
  5172 | Orc:1    | Noticed a soul eater
  5172 | Orc:1    | Paralysed by an orc sorcerer for 4 turns
  5184 | Orc:1    | Noticed a sun demon
  5191 | Orc:1    | Mangled by a sun demon

Illustrated notes

Levels and vault maps discovered:
D:1:      dpeg_arrival_stonehenge_8_columns, layout_loops_ring,
          dreamdust_ecumenical_altar_drowned_temple
D:2:      layout_basic
D:3:      layout_basic, minmay_misc_feat_plants, minmay_misc_feat_chi,
          uniq_pargi
D:4:      layout_loops_corners, mainiacjoe_overflow_catwalk, minmay_small_thing
D:5:      layout_loops_corners, minitemple, okawaru_metal_pillars_1_2,
          grunt_decor_fettered
D:6:      layout_rooms, mainiacjoe_overflow_cross_hatched, serial_shops, shop,
          kennysheep_generic_room_10
D:7:      minmay_the_grid_triangle_9x9_rhombus_full
          [minmay_the_grid_triangle_9x9_alien,
          minmay_the_grid_triangle_9x9_dagger,
          minmay_the_grid_triangle_9x9_windchime,
          minmay_the_grid_triangle_9x9_from_above,
          minmay_the_grid_triangle_9x9_stretched_checkered,
          minmay_the_grid_triangle_9x9_descending_squares,
          minmay_the_grid_triangle_9x9_tough_junction,
          minmay_the_grid_triangle_9x9_prize_top_heavy], layout_loops_corners,
          bloody_makhleb, eat_drink_and_be_merry_uskayaw,
          minmay_temple_entry_butterflies, chequers_serial_rivers_micro_d,
          kennysheep_generic_room_2, uniq_duvessa
D:8:      layout_loops_ring, evilmike_ruin_ashenzari, kennysheep_slug_shrine,
          enter_bailey_5, nicolae_eternal_life, minmay_increasing_density,
          uniq_pikel
D:9:      layout_grid_maze, erik_lair_island
Temple:   hellmonk_temple_micro_hex
Orc:1:    layout_caves, basic_altar, serial_shops, shop, nicolae_specific_store

Skill      XL: |  1  2  3  4  5  6  7  8  9 10 11 |
---------------+----------------------------------+-----
Fire Magic     | 4 6 7 9 10 12 | 12.2
Conjurations   | 3 4 5 6 7 |  7.1
Evocations     | 1 |  1.5
Spellcasting   | 3 4 6 8 11 | 11.4
Necromancy     | 1 |  1.6
Dodging        | 3 4 5 |  5.3
Fighting       | 1 2 |  2.9
Maces & Flails | 2 3 |  3.5
Staves         | |  0.1
Throwing       | |  0.1
Stealth        | |  1.4

Action                   |  1- 3 |  4- 6 |  7- 9 | 10-12 || total
-------------------------+-------+-------+-------+-------++-------
Melee: Staff             |     9 |     2 |     5 |     4 ||    20
       Dire flail        |       |       |       |    48 ||    48
Throw: Dart              |       |       |       |     1 ||     1
 Cast: Foxfire           |    24 |    20 |    57 |    38 ||   139
       Scorch            |     2 |    17 |    50 |    34 ||   103
       Flame Wave        |       |     1 |    10 |    17 ||    28
       Vampiric Draining |       |       |       |     2 ||     2
Evoke: Wand              |       |       |       |     1 ||     1
  Use: Scroll            |     2 |     5 |     7 |     7 ||    21
       Potion            |       |       |       |     7 ||     7
Armor: Robe              |     6 |     2 |     3 |       ||    11
       Steam dragon scal |       |       |     2 |    58 ||    60
Dodge: Dodged            |    21 |    11 |    15 |    88 ||   135
